 Dungeon Crawl Stone Soup version 0.19.0-2-gae57169 (webtiles) character file.

196 lorenzova the Conjurer (level 5, 0/28 HPs)
             Began as a Deep Elf Conjurer on Nov 5, 2016.
             Was an Initiate of Vehumet.
             Slain by an ogre
             ... wielding a +0 giant spiked club
              (26 damage)
             ... on level 4 of the Dungeon.
             The game lasted 00:06:31 (2686 turns).

lorenzova the Conjurer (Deep Elf Conjurer)          Turns: 2686, Time: 00:06:31

Health: 0/28       AC:  2    Str:  5    XL:     5   Next: 46%
Magic:  6/15       EV: 13    Int: 21    God:    Vehumet [......]
Gold:   140        SH:  0    Dex: 15    Spells: 2 memorised, 10 levels left

rFire  . . .     SeeInvis .     d - +4 short sword
rCold  . . .     Gourm    .     a - +0 robe
rNeg   . . .     Faith    .     (no shield)
rPois  .         Spirit   .     (no helmet)
rElec  .         Reflect  .     (no cloak)
rCorr  .         Harm     .     (no gloves)
MR     .....                    (no boots)
Stlth  ++........               (no amulet)
                                (no ring)
                                (no ring)

@: no status effects
A: no striking features
a: Renounce Religion


You were on level 4 of the Dungeon.
You worshipped Vehumet.
Vehumet was noncommittal.
You were not hungry.

You visited 1 branch of the dungeon, and saw 4 of its levels.

You collected 140 gold pieces.

Inventory:

Hand Weapons
 d - a +4 short sword (weapon)
Armour
 a - a +0 robe (worn)
Scrolls
 f - 2 scrolls of identify {unknown}
 g - 2 scrolls of amnesia {unknown}
 i - a scroll of remove curse
 k - a scroll of fear {unknown}
 m - 2 scrolls of teleportation {unknown}
 n - a scroll of enchant weapon {unknown}
 r - a scroll of fog {unknown}
Potions
 e - 2 potions of mutation {unknown}
 j - a potion of resistance {unknown}
 p - a potion of heal wounds {unknown}
 q - a potion of flight {unknown}
Books
 b - a book of Conjurations

   Spells                             Type                      Level
   a - Magic Dart                     Conjuration                  1
   b - Searing Ray                    Conjuration                  2
   c - Dazzling Spray                 Conjuration/Hexes            3
   d - Fulminant Prism                Conjuration/Hexes            4
   e - Iskenderun's Mystic Blast      Conjuration                  4
   f - Iskenderun's Battlesphere      Conjuration/Charms           5
 s - Kikubaaqudgha's Compendium of Darkness
   (You found it on level 3 of the Dungeon)

   Spells                             Type                      Level
   a - Pain                           Necromancy                   1
Comestibles
 c - a bread ration
 h - 2 meat rations
 l - a slice of pizza
 o - a royal jelly


   Skills:
 - Level 2.4 Dodging
 - Level 2.4 Stealth
 + Level 5.8 Spellcasting
 + Level 6.1 Conjurations


You had 10 spell levels left.
You knew the following spells:

 Your Spells              Type           Power        Failure   Level  Hunger
a - Magic Dart            Conj           ####         1%          1    None
c - Iskenderun's Mystic   Conj           ####....     10%         4    ####...


Dungeon Overview and Level Annotations

Branches:
Dungeon (4/15)
 Temple: D:4-7

Altars:
Ashenzari
Cheibriados
Elyvilon
Fedhas
Kikubaaqudgha
Sif Muna
Vehumet
Xom
Zin
The Shining One


Message History

Aim: an ogre, wielding a giant spiked club (moderately wounded)
The magic dart hits the ogre.
The ogre is heavily wounded.
Casting: Magic Dart
Confirm with . or Enter, or press ? or * to list all spells.
Aiming: Magic Dart
Press: ? - help, Shift-Dir - straight line, f/p - ogre
Aim: an ogre, wielding a giant spiked club (heavily wounded)
The magic dart hits the ogre.
The ogre is severely wounded.
Casting: Magic Dart
Confirm with . or Enter, or press ? or * to list all spells.
Aiming: Magic Dart
Press: ? - help, Shift-Dir - straight line, f/p - ogre
Aim: an ogre, wielding a giant spiked club (severely wounded)
The magic dart hits the ogre.
The ogre is almost dead.
The ogre hits you with a giant spiked club!!
Ouch! That really hurt!
You die...

#### #..
#.#
#######.#
#.).....#
#.....†<#
#...O@..#
#.......#
#.†..####
#.....
#.#### ..
#


You could see an ogre.

Vanquished Creatures
  A howler monkey (D:4)
  An iguana (D:4)
  4 adders
  5 worms
  2 dart slugs (D:1)
  2 leopard geckos (D:3)
  2 orcs (D:3)
  6 giant cockroaches
  2 goblins (D:1)
  8 hobgoblins
  10 jackals (D:3)
  2 quokkas
  A ball python (D:1)
  6 bats
  5 frilled lizards
  13 kobolds
  4 rats
  A bush (D:3)
75 creatures vanquished.

Vanquished Creatures (others)
  A plant (D:3)
1 creature vanquished.

Grand Total: 76 creatures vanquished

Notes
Turn   | Place    | Note
-------+----------+-------------------------------------------
     0 | D:1      | lorenzova the Deep Elf Conjurer began the quest for the Orb.
     0 | D:1      | Reached XP level 1. HP: 10/10 MP: 6/6
    86 | D:1      | Found a shimmering altar of Xom.
    88 | D:1      | Found a glowing golden altar of the Shining One.
    88 | D:1      | Found a shattered altar of Ashenzari.
    90 | D:1      | Found an ancient bone altar of Kikubaaqudgha.
    90 | D:1      | Found a shimmering altar of Xom.
    90 | D:1      | Found a blossoming altar of Fedhas.
   206 | D:1      | Reached XP level 2. HP: 15/15 MP: 2/8
   588 | D:1      | Reached skill level 5 in Conjurations
   820 | D:2      | Reached XP level 3. HP: 19/19 MP: 7/10
   911 | D:2      | Found a snail-covered altar of Cheibriados.
  1619 | D:3      | Reached XP level 4. HP: 18/24 MP: 1/12
  1887 | D:3      | Found a glowing silver altar of Zin.
  1903 | D:3      | Found a glowing golden altar of the Shining One.
  1907 | D:3      | Found a white marble altar of Elyvilon.
  1924 | D:3      | Found a radiant altar of Vehumet.
  1928 | D:3      | Found an ancient bone altar of Kikubaaqudgha.
  1929 | D:3      | Found a deep blue altar of Sif Muna.
  1934 | D:3      | Identified Kikubaaqudgha's Compendium of Darkness
  1945 | D:3      | Became a worshipper of Vehumet
  2078 | D:3      | Reached skill level 5 in Spellcasting
  2591 | D:4      | Reached XP level 5. HP: 17/28 MP: 3/14
  2636 | D:4      | Learned a level 4 spell: Iskenderun's Mystic Blast
  2642 | D:4      | Reached skill level 6 in Conjurations
  2680 | D:4      | Noticed an ogre
  2686 | D:4      | Slain by an ogre

Skill      XL: |  1  2  3  4  5 |
---------------+----------------+-----
Conjurations   | 5 6 |  6.1
Spellcasting   | 4 5 |  5.8
Dodging        | |  2.4
Stealth        | |  2.4

Action                   |  1- 3 |  4- 6 || total
-------------------------+-------+-------++-------
Melee: Short sword       |     3 |    63 ||    66
 Cast: Magic Dart        |    87 |    75 ||   162
  Use: Scroll            |     1 |       ||     1
  Eat: Chunk             |     2 |     3 ||     5
Armor: Robe              |     1 |     1 ||     2
Dodge: Dodged            |    13 |    13 ||    26
